 Dungeon Sprint DCSS version 0.27.1-33-g824d729ab1 (webtiles) character file.

Game seed: 9445078424305940115

1222 Adenis the Fighter (level 8, -6/127 HPs)
             Began as a Minotaur Berserker on Dec 4, 2021.
             Was an Elder of Trog.
             Mangled by Sonja (9 damage)
             ... in the Dungeon (Sprint I: "Red Sonja").
             The game lasted 00:02:25 (924 turns).

Adenis the Fighter (Minotaur Berserker)              Turns: 924, Time: 00:02:27

Health: -6/127     AC:  8    Str: 24    XL:     8   Next: 23%
Magic:  7/7        EV: 12    Int:  4    God:    Trog [****..]
Gold:   429        SH:  0    Dex: 10    Spells: 7/7 levels left

rFire    . . .     SeeInvis .   l - +4 scythe
rCold    . . .     Faith    .   (shield currently unavailable)
rNeg     . . .     Spirit   .   k - +0 scale mail
rPois    .         Reflect  .   (helmet restricted)
rElec    .         Harm     .   (no cloak)
rCorr    .         Rampage  .   (no gloves)
Will     .....     NoTele   +   (no boots)
Stlth    ..........             (no amulet)
HPRegen  0.31/turn              (no ring)
MPRegen  0.10/turn              (no ring)

@: berserking, lethally poisoned (-6 -> -81), slowed
A: horns 2, retaliatory headbutt
a: Renounce Religion, Berserk, Trog's Hand, Brothers in Arms


You were in the Dungeon.
You worshipped Trog.
Trog was greatly pleased with you.
You visited 1 branch You collected 429 gold pieces.

Inventory:

Hand Weapons
 a - a +0 falchion
 j - a +0 giant club
 l - a +4 scythe (weapon)
Armour
 b - a +0 animal skin
 k - a +0 scale mail (worn)
Wands
 i - a wand of polymorph (9)
Scrolls
 h - a scroll of blinking
Potions
 c - 2 potions of curing
 d - a potion of heal wounds
 e - a potion of haste
 f - 2 potions of magic
 g - a potion of berserk rage
 m - a potion of flight {unknown}


   Skills:
 + Level 12.6 Fighting
 + Level 12.2 Long Blades
 + Level 6.6 Polearms
 + Level 8.5 Armour
 + Level 6.1 Dodging
 + Level 1.3 Stealth
 + Level 4.0 Unarmed Combat


You had 7 spell levels left.
You didn't know any spells.
Your spell library was empty.

Dungeon Overview and Level Annotations

Branches:
Dungeon (1/1)

Altars:
Cheibriados
Dithmenos
Elyvilon
Fedhas
Gozag
Hepliaklqana
Kikubaaqudgha
Makhleb
Nemelex Xobeh
Okawaru
Qazlal
Ru
Sif Muna
Trog
Uskayaw
Vehumet
Wu Jian
Xom
Yredelemnul
Zin
The Shining One
Jiyva
Lugonu

Shops:
D [

Annotations:
D Sonja


Innate Abilities, Weirdness & Mutations

You have a pair of horns on your head.
You reflexively headbutt those who attack you in melee.


Message History

Sonja hits you with a +0 dagger of venom.
You are more poisoned.
Sonja barely misses you. Sonja hits you but does no damage. x2
You are more poisoned.
You miss Sonja. Your headbutt misses Sonja.
You feel extremely sick.
Sonja gestures wildly while chanting.
Sonja blinks!
You feel extremely sick.
You barely miss Sonja. Your headbutt misses Sonja.
You feel extremely sick. Sonja hits you but does no damage. Sonja misses you.
Sonja hits you with a +0 dagger of venom.
You are more poisoned.
Sonja completely misses you.
Sonja hits you with a +0 dagger of venom.
You are more poisoned.
Sonja closely misses you.
Sonja hits you with a +0 dagger of venom.
You are lethally poisoned!
Sonja hits you but does no damage.
You are more poisoned.
Sonja hits you with a +0 dagger of venom.
* * * LOW HITPOINT WARNING * * *
You are more poisoned.
You are too berserk!
You miss Sonja.
* * * LOW HITPOINT WARNING * * *
You feel extremely sick.
Sonja plants her feet in a plie.
Sonja hits you with a +0 dagger of venom!
* * * LOW HITPOINT WARNING * * *
You are more poisoned.
Sonja hits you but does no damage.
You are more poisoned.
Sonja hits you with a +0 dagger of venom.
* * * LOW HITPOINT WARNING * * *
You are more poisoned.
Sonja hits you with a +0 dagger of venom!
You die...

##########################
#<.#..'..#..'..#__#..')..#
#..').#..'[.#..'^.'..#)..#
#..#####'#####'#__####...+
#..####..#...#.####?§#####
#..#__####..##.#≈≈§§c#
#..#_____##'#_.+§§≈.§+
#⌠⌠#_.∩...'..K_#§§§.c#
####_..__##_@#'# +####
#_____###'#.# #######
#.### $.$ #$.$# ##.## #+#


You could see Sonja.

Vanquished Creatures
  2 kobold demonologists (D)
  A slime creature (D)
  Sigmund (D)
  A yak (D)
  A floating eye (D)
  An ogre (D)
  A jelly (D)
  Ijyb (D)
9 creatures vanquished.

Vanquished Creatures (others)
  A gargoyle (D)
1 creature vanquished.

Grand Total: 10 creatures vanquished

Notes
Turn   | Place    | Note
-------+----------+-------------------------------------------
     0 | D        | Adenis the Minotaur Berserker began the quest for the Orb.
     0 | D        | Reached XP level 1. HP: 19/19 MP: 0/0
     2 | D        | Noticed Ijyb
     9 | D        | Killed Ijyb
    10 | D        | Reached skill level 5 in Fighting
    10 | D        | Reached skill level 5 in Long Blades
    10 | D        | Reached skill level 1 in Unarmed Combat
    10 | D        | Reached XP level 2. HP: 29/29 MP: 1/1
    51 | D        | Noticed an ogre
    54 | D        | Killed an ogre
    55 | D        | Reached XP level 3. HP: 39/39 MP: 2/2
    55 | D        | Reached XP level 4. HP: 47/47 MP: 3/3
   118 | D        | Killed a gargoyle
   264 | D        | Noticed Sigmund
   267 | D        | Killed Sigmund
   267 | D        | Reached ** piety under Trog
   268 | D        | Reached skill level 5 in Armour
   268 | D        | Reached XP level 5. HP: 57/57 MP: 4/4
   315 | D        | Found an ornate altar of the Wu Jian Council.
   315 | D        | Found a shimmering blue altar of Sif Muna.
   317 | D        | Found a radiant altar of Vehumet.
   322 | D        | Reached skill level 5 in Dodging
   322 | D        | Reached XP level 6. HP: 66/66 MP: 5/5
   364 | D        | Found Fech's Armour Emporium.
   364 | D        | Found an ancient bone altar of Kikubaaqudgha.
   364 | D        | Found a hazy altar of Hepliaklqana.
   364 | D        | Found a stormy altar of Qazlal.
   364 | D        | Found a hide-covered altar of Uskayaw.
   364 | D        | Found a blossoming altar of Fedhas.
   364 | D        | Found a bloodstained altar of Trog.
   364 | D        | Found an iron altar of Okawaru.
   364 | D        | Found a basalt altar of Yredelemnul.
   364 | D        | Found a glowing golden altar of the Shining One.
   364 | D        | Found a snail-covered altar of Cheibriados.
   364 | D        | Found a sacrificial altar of Ru.
   364 | D        | Found a glowing silver altar of Zin.
   364 | D        | Found a shadowy altar of Dithmenos.
   364 | D        | Found a white marble altar of Elyvilon.
   364 | D        | Noticed a yak
   368 | D        | Killed a yak
   369 | D        | Reached skill level 10 in Fighting
   369 | D        | Reached skill level 10 in Long Blades
   369 | D        | Found an opulent altar of Gozag.
   398 | D        | Found a sparkling altar of Nemelex Xobeh.
   428 | D        | Found a burning altar of Makhleb.
   428 | D        | Found a viscous altar of Jiyva.
   428 | D        | Found a shimmering altar of Xom.
   428 | D        | Found a corrupted altar of Lugonu.
   428 | D        | Noticed a slime creature
   433 | D        | Killed a slime creature
   433 | D        | Reached *** piety under Trog
   434 | D        | Reached XP level 7. HP: 68/74 MP: 6/6
   569 | D        | Noticed a kobold demonologist
   569 | D        | Noticed a kobold demonologist
   572 | D        | Reached skill level 1 in Stealth
   576 | D        | Noticed an ice devil
   577 | D        | Killed a kobold demonologist
   578 | D        | Reached skill level 5 in Polearms
   579 | D        | Killed a kobold demonologist
   579 | D        | Reached **** piety under Trog
   580 | D        | Reached XP level 8. HP: 76/85 MP: 7/7
   911 | D        | Noticed a centaur warrior
   911 | D        | Noticed a centaur warrior
   917 | D        | Noticed Sonja
   924 | D        | HP: 3/127 [Sonja (4)]
   924 | D        | Mangled by Sonja

Illustrated notes

Levels and vault maps discovered:
D:        dungeon_sprint_1 [red_sonja_temple_1, red_sonja_temple_small_1]

Skill      XL: |  1  2  3  4  5  6  7 |
---------------+----------------------+-----
Fighting       | 5 7 9 11 12 | 12.6
Long Blades    | 5 7 9 11 12 | 12.2
Armour         | 3 4 5 6 8 |  8.5
Unarmed Combat | 1 2 3 4 |  4.0
Dodging        | 3 4 5 6 |  6.1
Polearms       | 3 6 |  6.6
Stealth        | 1 |  1.3

Action                   |  1- 3 |  4- 6 |  7- 9 || total
-------------------------+-------+-------+-------++-------
Melee: Unarmed           |     5 |       |       ||     5
       Falchion          |     2 |     1 |       ||     3
       Headbutt          |       |     3 |     1 ||     4
       Scythe            |       |     8 |    12 ||    20
Invok: Berserk           |     2 |     4 |     2 ||     8
Armor: Skin              |     1 |       |       ||     1
       Scale mail        |       |     1 |    15 ||    16
Dodge: Dodged            |     1 |     1 |    23 ||    25
